 Dungeon Crawl Stone Soup version 0.23.0-3-gf3c87f2 (webtiles) character file.

Game seed: 18026334105357427001

1204 Pingu the Conjurer (level 8, -2/50 HPs)
             Began as an Octopode Wizard on Feb 23, 2019.
             Slain by an orc
             ... wielding a +0 dagger
              (6 damage)
             ... on level 7 of the Dungeon.
             The game lasted 00:31:52 (9396 turns).

Pingu the Conjurer (Octopode Wizard)                Turns: 9396, Time: 00:31:53

Health: -2/50      AC:  1    Str:  6    XL:     8   Next: 45%
Magic:  8/14       EV: 13    Int: 20    God:
Gold:   409        SH:  5    Dex: 13    Spells: 4/15 levels left

rFire    + . .     SeeInvis +   a - +1 broad axe (chop)
rCold    . . .     Gourm    .   e - +0 buckler
rNeg     + . .     Faith    .   u - +0 hat
rPois    .         Spirit   .   (no amulet)
rElec    .         Reflect  .   l - ring of stealth
rCorr    .         Harm     .   x - ring of positive energy
MR       .....                  v - ring of stealth
Stlth    +++++.....             E - ring of see invisible
HPRegen  0.16/turn              J - ring of protection from fire
MPRegen  0.14/turn              (no ring)
                                (no ring)
                                (no ring)

@: no status effects
A: almost no armour, stealthy swim, amphibious, 8 rings, constrict 8, camouflage
1, gelatinous body 1
a: no special abilities


You were on level 7 of the Dungeon.
You were not hungry.

You visited 1 branch of the dungeon, and saw 7 of its levels.

You collected 409 gold pieces.

Inventory:

Hand Weapons
 a - a +1 broad axe of chopping (weapon)
 f - a +0 whip
 h - a +1 dagger of draining
 F - a +0 trident
Missiles
 i - 187 stones (quivered)
 w - 2 throwing nets
 I - 7 needles of sleeping
Armour
 e - a +0 buckler (worn)
 u - a +0 hat (worn)
Jewellery
 l - a ring of stealth (left tentacle)
 v - a ring of stealth (on tentacle)
 x - a ring of positive energy (right tentacle)
 E - a ring of see invisible (on tentacle)
 J - a ring of protection from fire (on tentacle)
Wands
 G - a wand of polymorph (8)
 H - a wand of random effects (18)
Scrolls
 b - 2 scrolls of remove curse {unknown}
 d - 5 scrolls of identify
 k - a scroll of random uselessness {unknown}
 o - 8 scrolls of teleportation
 p - 3 scrolls of enchant weapon {unknown}
 t - a scroll of fog {unknown}
 y - a scroll of magic mapping {unknown}
 B - a scroll of amnesia {unknown}
 C - a scroll of fear {unknown}
Potions
 g - a potion of flight
 j - a potion of magic
 m - 2 potions of lignification {unknown}
 n - a potion of berserk rage {unknown}
 q - 3 potions of agility
 r - 4 potions of heal wounds {unknown}
 s - 2 potions of degeneration {unknown}
 z - a potion of ambrosia {unknown}
 A - 3 potions of brilliance {unknown}
 D - 2 potions of curing {unknown}
Comestibles
 c - 15 rations
 K - 3 chunks of flesh


   Skills:
 + Level 1.8 Fighting
 - Level 0.2 Short Blades
 + Level 2.8 Axes
 - Level 2.0 Dodging
 - Level 2.6 Stealth
 * Level 3.4 Shields
 + Level 4.4 Spellcasting
 * Level 5.2 Conjurations
 - Level 3.0 Summonings
 - Level 3.0 Translocations
 * Level 2.5 Fire Magic
 * Level 0.1 Air Magic


You had 4 spell levels left.
You knew the following spells:

 Your Spells              Type           Power        Failure   Level  Hunger
a - Magic Dart            Conj           ####         1%          1    None
b - Blink                 Tloc           N/A          6%          2    #......
c - Call Imp              Summ           ###.....     6%          2    #......
d - Conjure Flame         Conj/Fire      ###.....     8%          3    ###....
e - Mephitic Cloud        Conj/Pois/Air  ##......     19%         3    ###....

Your spell library contained the following spells:

 Spells                   Type           Power        Failure   Level  Hunger
 Slow                     Hex            #.......     21%         2    #......


Dungeon Overview and Level Annotations

Branches:
Dungeon (7/15)
 Temple: D:4-7

Altars:
Ashenzari
Vehumet

Annotations:
D:1 exclusion: downstairs
D:3 3 runed translucent doors, exclusion: downstairs, SeriousVitamin's ghost, amateur DEFE; Sigmund


Innate Abilities, Weirdness & Mutations

You cannot wear most types of armour.
You are very stealthy in the water. (Stealth+)
You are amphibious.
You can wear up to eight rings at the same time.
You can use your tentacles to constrict eight enemies at once.
Your skin changes colour to match your surroundings (Stealth+).
Your rubbery body absorbs attacks. (AC +1, EV +1)


Message History

The orc hits you with a +0 short sword.
* * * LOW HITPOINT WARNING * * *
Your crimson imp hits the orc but does no damage.
The orc barely misses your crimson imp.
The orc wizard hits you with a +0 dagger.
* * * LOW HITPOINT WARNING * * *
The orc hits you with a +0 dagger!
* * * LOW HITPOINT WARNING * * *
Okay, then.
You hit the orc wizard.
You kill the orc wizard!
You feel your dexterity returning.
You hit the orc.
You kill the orc!
You hit the orc.
Your crimson imp closely misses the orc.
The orc barely misses your crimson imp.
The orc hits your crimson imp with a cursed -1 mace.
The orc hits you with a +0 dagger.
You die...

....## o.... .... .o.####
#### ..((..####..########
.....o#.......##...###
...##o#..............##
...##........o))<.....#
.............o5o@..##.###
...............#........#
..........)...##.........
............####.........
......8...#######ยง.#...##
...............##.##.#...
......8........#.##..#...
............>...........
......8.......#..##.....


You could see 3 orcs and a friendly crimson imp.

Vanquished Creatures
  An ogre (D:4)
  2 sky beasts
  A gnoll sergeant (D:5)
  A scorpion (D:6)
  2 crimson imps
  A jelly (D:5)
  A hound (D:4)
  A bullfrog skeleton (D:7)
  A centaur skeleton (D:4)
  2 orc wizards (D:7)
  2 iguanas
  2 worker ants
  A hound skeleton (D:4)
  5 gnolls
  10 adders
  A shadow imp (D:5)
  An adder skeleton (D:5)
  3 worms
  9 dart slugs
  2 leopard geckos
  14 orcs
  5 goblins
  5 hobgoblins
  4 jackals
  5 quokkas
  3 ball pythons
  13 bats
  7 frilled lizards
  12 kobolds
  15 rats
  A fungus (D:6)
133 creatures vanquished.

Vanquished Creatures (collateral kills)
  Blork the orc (D:5)
  3 scorpions (D:6)
  A quasit (D:6)
  An orc priest (D:4)
  A worker ant (D:5)
  2 gnolls (D:4)
  A dart slug (D:3)
  An orc (D:7)
  3 jackals
  A bat (D:3)
15 creatures vanquished.

Vanquished Creatures (others)
  An orc (D:5)
  4 fungi (D:6)
5 creatures vanquished.

Grand Total: 153 creatures vanquished

Notes
Turn   | Place    | Note
-------+----------+-------------------------------------------
     0 | D:1      | Pingu the Octopode Wizard began the quest for the Orb.
     0 | D:1      | Reached XP level 1. HP: 11/11 MP: 4/4
   521 | D:1      | Reached XP level 2. HP: 17/17 MP: 3/6
   805 | D:1      | Learned a level 2 spell: Blink
   808 | D:1      | Learned a level 2 spell: Call Imp
  1496 | D:2      | Reached skill level 1 in Shields
  1541 | D:2      | Reached XP level 3. HP: 12/21 MP: 1/8
  2251 | D:2      | Reached XP level 4. HP: 19/27 MP: 4/9
  2734 | D:2      | Found a radiant altar of Vehumet.
  3219 | D:3      | Reached skill level 2 in Conjurations
  3507 | D:3      | Found a runed translucent gate.
  3507 | D:3      | Found a runed translucent gate.
  3507 | D:3      | Found a runed translucent gate.
  3633 | D:3      | Reached XP level 5. HP: 31/31 MP: 10/10
  3767 | D:3      | Noticed Sigmund
  3773 | D:3      | Learned a level 3 spell: Conjure Flame
  3777 | D:3      | Learned a level 3 spell: Mephitic Cloud
  3970 | D:3      | Noticed SeriousVitamin's ghost (amateur DEFE)
  4130 | D:3      | Found a shattered altar of Ashenzari.
  4297 | D:4      | Noticed an ogre
  4309 | D:4      | Killed an ogre
  4599 | D:4      | Reached XP level 6. HP: 29/37 MP: 4/12
  4736 | D:4      | Reached skill level 3 in Conjurations
  4914 | D:4      | Reached skill level 1 in Fire Magic
  5634 | D:4      | Reached skill level 1 in Axes
  5678 | D:5      | Entered Level 5 of the Dungeon
  6021 | D:5      | Noticed Blork the orc
  6032 | D:5      | Killed Blork the orc
  6032 | D:5      | Reached XP level 7. HP: 28/42 MP: 6/13
  6247 | D:5      | Reached skill level 1 in Fighting
  6493 | D:5      | Reached skill level 4 in Conjurations
  7321 | D:6      | HP: 1/43 [sky beast (5)]
  7701 | D:6      | Reached XP level 8. HP: 48/48 MP: 8/14
  8163 | D:6      | Reached skill level 5 in Conjurations
  9396 | D:7      | Slain by an orc

Skill      XL: |  1  2  3  4  5  6  7  8 |
---------------+-------------------------+-----
Shields        | 1 2 3 |  3.4
Conjurations   | 2 3 4 5 |  5.2
Summonings     | 2 3 |  3.0
Spellcasting   | 4 |  4.4
Fire Magic     | 1 2 |  2.5
Axes           | 1 2 |  2.8
Translocations | 2 3 |  3.0
Fighting       | 1 |  1.8
Short Blades   | |  0.2
Dodging        | |  2.0
Stealth        | |  2.6
Air Magic      | |  0.1

Action                   |  1- 3 |  4- 6 |  7- 9 || total
-------------------------+-------+-------+-------++-------
Melee: Tentacles         |     4 |    10 |     8 ||    22
       Constrict         |     4 |    19 |    17 ||    40
       Unarmed           |     1 |       |       ||     1
       Dagger            |     9 |    38 |       ||    47
       Whip              |     2 |       |       ||     2
       Broad axe         |       |    34 |    65 ||    99
 Cast: Magic Dart        |    78 |    87 |   112 ||   277
       Call Imp          |       |    15 |    14 ||    29
       Mephitic Cloud    |       |     1 |     1 ||     2
       Conjure Flame     |       |     1 |       ||     1
       Blink             |       |       |     3 ||     3
  Use: Potion            |     3 |       |       ||     3
       Scroll            |       |       |     2 ||     2
 Stab: Sleeping          |     3 |    14 |     3 ||    20
  Eat: Chunk             |     4 |    12 |     9 ||    25
       Ration            |       |       |     1 ||     1
Armor: Skin              |     1 |     5 |     5 ||    11
Dodge: Dodged            |    10 |    46 |    56 ||   112
Block: Buckler           |     2 |     8 |    21 ||    31
